[ AOE2 MATCH · #479210852 ]
Team RMPoles vs Mongols
[ REPLAY ANALYSIS · EXTRACTED FROM THE RECORDED GAME ]
Feudal
11:53
Castle
15:24
Imperial
26:46
| APM avg | 38.5 |
| APM peak | 90 |
| eAPM avg | 23.4 |
| Villagers / military | 134 / 259 |
Focus
⚔️ 37.3% · 🌾 62.7%
Knight ×241 · Trebuchet (Packed) ×17 · Monk ×1 · Trade Cart ×1
Feudal
11:10
Castle
14:45
Imperial
31:19
| APM avg | 29.5 |
| APM peak | 78 |
| eAPM avg | 13.7 |
| Villagers / military | 126 / 72 |
Focus
⚔️ 21.9% · 🌾 78.1%
Mangudai ×50 · Scout Cavalry ×20 · Petard ×2
Feudal
10:35
Castle
15:45
Imperial
30:15
| APM avg | 28.5 |
| APM peak | 91 |
| eAPM avg | 19.8 |
| Villagers / military | 170 / 139 |
Focus
⚔️ 30.5% · 🌾 69.5%
Knight ×135 · Trebuchet (Packed) ×4
Feudal
10:58
Castle
14:36
Imperial
28:53
| APM avg | 37.8 |
| APM peak | 88 |
| eAPM avg | 26.1 |
| Villagers / military | 175 / 190 |
Focus
⚔️ 40.3% · 🌾 59.7%
Hand Cannoneer ×97 · Spearman ×81 · Bombard Cannon ×6 · Trebuchet (Packed) ×3 · Conquistador ×2 · Monk ×1
Feudal
10:12
Castle
16:19
Imperial
34:21
| APM avg | 34.0 |
| APM peak | 88 |
| eAPM avg | 17.4 |
| Villagers / military | 156 / 260 |
Focus
⚔️ 30.0% · 🌾 70.0%
Spearman ×211 · Bombard Cannon ×35 · Hand Cannoneer ×13 · Monk ×1
Feudal
11:00
Castle
16:15
Imperial
29:54
| APM avg | 52.3 |
| APM peak | 95 |
| eAPM avg | 28.0 |
| Villagers / military | 141 / 234 |
Focus
⚔️ 42.6% · 🌾 57.4%
Knight ×216 · Scout Cavalry ×18 · Trade Cart ×17
Feudal
11:24
Castle
15:16
Imperial
28:50
| APM avg | 33.2 |
| APM peak | 73 |
| eAPM avg | 23.1 |
| Villagers / military | 177 / 323 |
Focus
⚔️ 50.0% · 🌾 50.0%
Huskarl ×319 · Bombard Cannon ×4
Feudal
11:12
Castle
14:54
Imperial
30:07
| APM avg | 48.2 |
| APM peak | 87 |
| eAPM avg | 20.7 |
| Villagers / military | 143 / 207 |
Focus
⚔️ 26.2% · 🌾 73.8%
Archer ×167 · Monk ×25 · Bombard Cannon ×10 · Spearman ×3 · Mangonel ×2
Match map
Initial resources + every placement click. Lines = walls · curves = elevation contours. ◆ gold · ⬟ stone · ● berries · ✦ relic · ◌ wall gap
Your base· ✓ Closed at 15:24 · 0t walls · 3 gate(s)
2206487165's base· ✓ Closed at 14:45 · 0t walls · 2 gate(s)
dobled2daoe's base· ✓ Closed at 15:45 · 7t walls · 5 gate(s)
_Abin_'s base· ✓ Closed at 14:36 · 0t walls · 3 gate(s)
lun's base· ✓ Closed at 16:19 · 0t walls · 2 gate(s)
無際's base· ✓ Closed at 16:15 · 0t walls · 2 gate(s)
种30分钟很过份吗's base· ✓ Closed at 15:16 · 0t walls · 2 gate(s)
大折跃's base· ✓ Closed at 14:54 · 0t walls · 3 gate(s)
Smoothed initial terrain · ◌ = detected wall gap · hover for details
Inputs per minute
— Fimoshka - - 2206487165
Build order — Fimoshka
First 150 of 380 actions detected
| 0:01 | Create | Villager (Male) |
| 0:01 | Create | Villager (Male) |
| 0:02 | Create | Villager (Male) |
| 0:02 | Build | House |
| 0:04 | Build | House |
| 0:37 | Create | Villager (Male) |
| 1:44 | Create | Villager (Male) |
| 1:52 | Build | Lumber Camp |
| 2:13 | Create | Villager (Male) |
| 2:13 | Create | Villager (Male) |
| 2:13 | Create | Villager (Male) |
| 2:31 | Create | Villager (Male) |
| 2:53 | Create | Villager (Male) |
| 3:51 | Create | Villager (Male) |
| 3:59 | Build | House |
| 4:07 | Create | Villager (Male) |
| 4:32 | Create | Villager (Male) |
| 4:32 | Create | Villager (Male) |
| 4:50 | Build | Mill |
| 5:26 | Create | Villager (Male) |
| 5:26 | Create | Villager (Male) |
| 5:59 | Create | Villager (Male) |
| 6:26 | Build | Mining Camp |
| 6:42 | Create | Villager (Male) |
| 7:10 | Create | Villager (Male) |
| 7:11 | Create | Villager (Male) |
| 7:30 | Build | House |
| 7:46 | Build | Farm |
| 8:00 | Create | Villager (Male) |
| 8:06 | Build | Farm |
| 8:25 | Create | Villager (Male) |
| 8:46 | Create | Villager (Male) |
| 9:13 | Create | Villager (Male) |
| 9:34 | Research | Feudal Age |
| 9:44 | Create | Villager (Male) |
| 9:44 | Create | Villager (Male) |
| 9:48 | Build | Farm |
| 11:37 | Build | Farm |
| 11:53 | Age | Feudal Age |
| 11:56 | Build | Lumber Camp |
| 11:58 | Build | Market |
| 12:01 | Build | Blacksmith |
| 12:09 | Research | Double-Bit Axe |
| 12:18 | Research | Horse Collar |
| 12:44 | Research | Castle Age |
| 12:56 | Build | Farm |
| 12:58 | Build | Farm |
| 13:13 | Build | House |
| 15:24 | Age | Castle Age |
| 15:36 | Create | Villager (Male) |
| 15:37 | Research | Wheelbarrow |
| 15:40 | Build | Town Center |
| 15:45 | Build | Town Center |
| 15:52 | Build | Town Center |
| 15:53 | Research | Bow Saw |
| 16:07 | Research | Heavy Plow |
| 16:22 | Create | Villager (Male) |
| 16:32 | Build | Farm |
| 16:37 | Build | Farm |
| 16:38 | Create | Villager (Male) |
| 16:52 | Build | Farm |
| 17:00 | Create | Villager (Male) |
| 17:07 | Create | Villager (Male) |
| 17:08 | Create | Villager (Male) |
| 17:11 | Build | Farm |
| 17:17 | Create | Villager (Male) |
| 17:21 | Create | Villager (Male) |
| 17:21 | Create | Villager (Male) |
| 17:36 | Build | Mill |
| 17:38 | Build | Farm |
| 17:40 | Build | Farm |
| 17:42 | Create | Villager (Male) |
| 17:54 | Build | Farm |
| 17:59 | Build | Farm |
| 18:02 | Build | Farm |
| 18:04 | Create | Villager (Male) |
| 18:04 | Create | Villager (Male) |
| 18:05 | Create | Villager (Male) |
| 18:06 | Create | Villager (Male) |
| 18:12 | Build | House |
| 18:31 | Create | Villager (Male) |
| 18:32 | Create | Villager (Male) |
| 18:33 | Create | Villager (Male) |
| 18:35 | Build | Farm |
| 18:40 | Build | Farm |
| 18:43 | Research | Loom |
| 18:56 | Build | Farm |
| 19:01 | Build | Mill |
| 19:03 | Create | Villager (Male) |
| 19:03 | Create | Villager (Male) |
| 19:05 | Create | Villager (Male) |
| 19:05 | Create | Villager (Male) |
| 19:08 | Create | Villager (Male) |
| 19:08 | Create | Villager (Male) |
| 19:12 | Create | Villager (Male) |
| 19:25 | Build | Farm |
| 19:27 | Build | Farm |
| 19:28 | Create | Villager (Male) |
| 19:31 | Build | Mill |
| 19:32 | Build | Farm |
| 19:39 | Create | Villager (Male) |
| 19:42 | Build | House |
| 19:44 | Build | House |
| 19:46 | Create | Villager (Male) |
| 19:50 | Build | Monastery |
| 19:51 | Create | Villager (Male) |
| 19:51 | Create | Villager (Male) |
| 19:54 | Build | Farm |
| 19:56 | Create | Villager (Male) |
| 20:09 | Create | Villager (Male) |
| 20:09 | Create | Villager (Male) |
| 20:13 | Build | Farm |
| 20:13 | Create | Villager (Male) |
| 20:17 | Build | Farm |
| 20:20 | Build | Farm |
| 20:22 | Build | Farm |
| 20:22 | Create | Villager (Male) |
| 20:23 | Create | Villager (Male) |
| 20:24 | Create | Villager (Male) |
| 20:28 | Create | Villager (Male) |
| 20:31 | Build | Farm |
| 20:35 | Research | Gold Mining |
| 20:38 | Create | Villager (Male) |
| 20:40 | Build | House |
| 20:40 | Build | House |
| 20:41 | Create | Villager (Male) |
| 20:49 | Create | Villager (Male) |
| 20:51 | Build | Farm |
| 20:51 | Create | Villager (Male) |
| 21:09 | Build | Farm |
| 21:09 | Create | Villager (Male) |
| 21:10 | Create | Villager (Male) |
| 21:12 | Create | Trade Cart |
| 21:12 | Research | Caravan |
| 21:17 | Build | Mill |
| 21:23 | Build | House |
| 21:29 | Create | Monk |
| 21:40 | Create | Villager (Male) |
| 21:40 | Create | Villager (Male) |
| 21:41 | Create | Villager (Male) |
| 21:44 | Build | Farm |
| 21:46 | Build | Farm |
| 21:47 | Create | Villager (Male) |
| 21:59 | Build | Farm |
| 22:00 | Build | Farm |
| 22:00 | Build | Farm |
| 22:00 | Build | Farm |
| 22:01 | Build | Farm |
| 22:04 | Create | Villager (Male) |
| 22:04 | Create | Villager (Male) |
Build order — 2206487165
First 150 of 273 actions detected
| 0:02 | Build | House |
| 0:03 | Build | House |
| 0:03 | Create | Villager (Male) |
| 0:04 | Create | Villager (Male) |
| 0:04 | Create | Villager (Male) |
| 0:17 | Create | Villager (Male) |
| 0:18 | Create | Villager (Male) |
| 1:27 | Create | Villager (Male) |
| 1:28 | Create | Villager (Male) |
| 1:43 | Create | Villager (Male) |
| 1:48 | Build | Lumber Camp |
| 2:17 | Create | Villager (Male) |
| 2:18 | Create | Villager (Male) |
| 2:45 | Create | Villager (Male) |
| 2:45 | Create | Villager (Male) |
| 2:54 | Build | House |
| 3:14 | Create | Villager (Male) |
| 3:14 | Create | Villager (Male) |
| 3:38 | Create | Villager (Male) |
| 3:38 | Create | Villager (Male) |
| 3:38 | Create | Villager (Male) |
| 4:03 | Build | House |
| 4:23 | Create | Villager (Male) |
| 4:23 | Create | Villager (Male) |
| 4:23 | Create | Villager (Male) |
| 5:14 | Create | Villager (Male) |
| 5:15 | Create | Villager (Male) |
| 5:18 | Build | Mill |
| 5:59 | Create | Villager (Male) |
| 5:59 | Create | Villager (Male) |
| 6:21 | Create | Villager (Male) |
| 6:28 | Create | Villager (Male) |
| 6:29 | Create | Villager (Male) |
| 6:29 | Create | Villager (Male) |
| 6:48 | Build | Mining Camp |
| 6:55 | Create | Villager (Male) |
| 7:47 | Create | Villager (Male) |
| 7:49 | Build | Farm |
| 8:15 | Build | Farm |
| 8:25 | Research | Feudal Age |
| 8:58 | Build | Mining Camp |
| 9:49 | Build | Farm |
| 9:59 | Create | Villager (Male) |
| 9:59 | Create | Villager (Male) |
| 10:10 | Build | House |
| 11:10 | Age | Feudal Age |
| 11:13 | Build | Market |
| 11:18 | Build | Blacksmith |
| 11:27 | Build | Farm |
| 12:01 | Research | Double-Bit Axe |
| 12:05 | Research | Castle Age |
| 12:31 | Research | Horse Collar |
| 12:43 | Build | Farm |
| 12:56 | Build | House |
| 12:58 | Build | House |
| 13:00 | Build | House |
| 13:07 | Create | Villager (Male) |
| 13:07 | Create | Villager (Male) |
| 13:18 | Build | Farm |
| 14:45 | Age | Castle Age |
| 15:00 | Build | Town Center |
| 15:14 | Build | Castle |
| 15:22 | Build | Castle |
| 15:34 | Create | Villager (Male) |
| 15:37 | Research | Bow Saw |
| 16:00 | Create | Villager (Male) |
| 16:05 | Build | Farm |
| 16:22 | Build | Farm |
| 16:22 | Build | Farm |
| 16:25 | Create | Villager (Male) |
| 16:27 | Create | Villager (Male) ×5 |
| 16:42 | Build | Farm |
| 16:56 | Build | Farm |
| 17:01 | Create | Villager (Male) |
| 17:04 | Create | Mangudai |
| 17:23 | Build | Farm |
| 17:23 | Build | Farm |
| 17:31 | Build | Farm |
| 17:46 | Create | Villager (Male) |
| 17:49 | Build | Farm |
| 17:52 | Create | Mangudai |
| 17:57 | Create | Villager (Male) |
| 18:06 | Create | Mangudai |
| 18:11 | Create | Villager (Male) |
| 18:13 | Create | Villager (Male) |
| 18:22 | Create | Mangudai |
| 18:48 | Create | Mangudai |
| 18:51 | Build | Farm |
| 18:56 | Create | Villager (Male) ×5 |
| 18:59 | Research | Fletching |
| 19:04 | Build | Farm |
| 19:04 | Build | Farm |
| 19:08 | Create | Mangudai |
| 19:32 | Build | Barracks |
| 19:40 | Build | Farm |
| 19:42 | Create | Mangudai |
| 19:46 | Create | Villager (Male) |
| 19:47 | Create | Villager (Male) |
| 20:01 | Build | University |
| 20:05 | Create | Mangudai |
| 20:06 | Create | Villager (Male) |
| 20:08 | Create | Villager (Male) |
| 20:16 | Research | Gold Mining |
| 20:32 | Build | Farm |
| 20:39 | Research | Bodkin Arrow |
| 20:44 | Create | Villager (Male) |
| 20:56 | Create | Mangudai |
| 20:56 | Create | Mangudai |
| 21:02 | Create | Villager (Male) |
| 21:08 | Build | Farm |
| 21:16 | Create | Villager (Male) |
| 21:18 | Create | Villager (Male) |
| 21:20 | Create | Mangudai |
| 21:44 | Create | Villager (Male) |
| 21:46 | Create | Villager (Male) |
| 21:51 | Research | Padded Archer Armor |
| 22:00 | Build | Farm |
| 22:01 | Build | Farm |
| 22:07 | Research | Ballistics |
| 22:09 | Create | Mangudai |
| 22:14 | Build | Farm |
| 22:17 | Create | Villager (Male) |
| 22:18 | Create | Villager (Male) |
| 22:24 | Build | Farm |
| 22:24 | Build | Farm |
| 22:40 | Create | Petard |
| 22:40 | Create | Petard |
| 22:49 | Build | House |
| 22:53 | Build | House |
| 22:58 | Build | House |
| 23:01 | Build | House |
| 23:01 | Build | House |
| 23:02 | Build | House |
| 23:02 | Build | House |
| 23:02 | Build | House |
| 23:02 | Build | House |
| 23:03 | Build | House |
| 23:05 | Build | Farm |
| 23:07 | Research | Leather Archer Armor |
| 23:43 | Build | House |
| 23:47 | Create | Mangudai |
| 24:24 | Create | Villager (Male) ×5 |
| 24:28 | Research | Wheelbarrow |
| 24:39 | Build | Town Center |
| 24:45 | Create | Villager (Male) ×5 |
| 24:47 | Create | Mangudai |
| 24:47 | Create | Mangudai |
| 24:54 | Build | Farm |
| 24:55 | Build | Farm |
| 24:55 | Build | Farm |
Build order — dobled2daoe
First 150 of 498 actions detected
| 0:04 | Build | House |
| 0:06 | Build | House |
| 0:07 | Create | Villager (Male) |
| 0:08 | Create | Villager (Male) |
| 0:08 | Create | Villager (Male) |
| 0:08 | Create | Villager (Male) |
| 0:08 | Create | Villager (Male) |
| 0:08 | Create | Villager (Male) |
| 1:40 | Create | Villager (Male) |
| 1:40 | Create | Villager (Male) |
| 1:40 | Create | Villager (Male) |
| 1:48 | Build | Lumber Camp |
| 2:06 | Create | Villager (Male) |
| 2:06 | Create | Villager (Male) |
| 2:30 | Create | Villager (Male) |
| 2:30 | Create | Villager (Male) |
| 2:55 | Create | Villager (Male) |
| 2:55 | Create | Villager (Male) |
| 3:08 | Create | Villager (Male) |
| 3:09 | Create | Villager (Male) |
| 3:22 | Build | House |
| 3:23 | Build | House |
| 3:43 | Create | Villager (Male) |
| 3:43 | Create | Villager (Male) |
| 3:54 | Create | Villager (Male) |
| 3:54 | Create | Villager (Male) |
| 4:23 | Build | Mill |
| 4:39 | Create | Villager (Male) |
| 4:40 | Create | Villager (Male) |
| 5:12 | Create | Villager (Male) |
| 5:13 | Create | Villager (Male) |
| 5:13 | Create | Villager (Male) |
| 5:13 | Create | Villager (Male) |
| 5:33 | Create | Villager (Male) |
| 5:34 | Create | Villager (Male) |
| 5:34 | Create | Villager (Male) |
| 6:07 | Create | Villager (Male) |
| 6:07 | Create | Villager (Male) |
| 6:45 | Create | Villager (Male) |
| 6:46 | Create | Villager (Male) |
| 7:06 | Create | Villager (Male) |
| 7:06 | Create | Villager (Male) |
| 7:06 | Create | Villager (Male) |
| 7:06 | Create | Villager (Male) |
| 7:20 | Build | Mining Camp |
| 7:51 | Build | House |
| 8:31 | Research | Feudal Age |
| 8:45 | Build | House |
| 9:19 | Build | House |
| 10:04 | Build | House |
| 10:22 | Build | Farm |
| 10:23 | Build | Farm |
| 10:35 | Age | Feudal Age |
| 10:35 | Build | House |
| 10:45 | Build | Market |
| 10:47 | Build | Blacksmith |
| 10:56 | Create | Villager (Male) |
| 10:56 | Create | Villager (Male) |
| 11:06 | Build | House |
| 11:33 | Build | Mining Camp |
| 11:36 | Create | Villager (Male) |
| 11:36 | Create | Villager (Male) |
| 11:44 | Build | House |
| 11:58 | Build | Farm |
| 12:00 | Build | Farm |
| 12:01 | Build | Farm |
| 12:15 | Build | House |
| 12:18 | Create | Villager (Male) |
| 12:18 | Create | Villager (Male) |
| 12:53 | Build | House |
| 13:19 | Research | Castle Age |
| 13:34 | Build | Gate |
| 13:49 | Research | Double-Bit Axe |
| 14:18 | Research | Horse Collar |
| 14:55 | Build | Stone Wall |
| 15:00 | Build | Gate |
| 15:45 | Age | Castle Age |
| 15:51 | Create | Villager (Male) |
| 15:51 | Create | Villager (Male) |
| 15:51 | Create | Villager (Male) |
| 15:54 | Create | Villager (Male) |
| 15:59 | Research | Bow Saw |
| 16:13 | Build | Town Center |
| 16:33 | Build | Farm |
| 16:41 | Build | House |
| 16:43 | Build | House |
| 16:44 | Build | House |
| 16:45 | Build | House |
| 16:46 | Build | House |
| 17:02 | Build | Farm |
| 17:05 | Create | Villager (Male) |
| 17:05 | Create | Villager (Male) |
| 17:09 | Create | Villager (Male) |
| 17:36 | Build | Town Center |
| 17:45 | Create | Villager (Male) |
| 17:48 | Create | Villager (Male) |
| 17:48 | Create | Villager (Male) |
| 17:53 | Build | House |
| 17:58 | Create | Villager (Male) |
| 17:58 | Create | Villager (Male) |
| 18:03 | Build | Farm |
| 18:07 | Build | Farm |
| 18:11 | Create | Villager (Male) |
| 18:17 | Build | Farm |
| 18:26 | Build | House |
| 18:36 | Build | Farm |
| 18:41 | Create | Villager (Male) |
| 18:43 | Create | Villager (Male) |
| 18:43 | Create | Villager (Male) |
| 18:43 | Create | Villager (Male) |
| 18:48 | Build | Farm |
| 18:50 | Build | Farm |
| 18:58 | Build | House |
| 19:00 | Create | Villager (Male) |
| 19:00 | Create | Villager (Male) |
| 19:01 | Create | Villager (Male) |
| 19:08 | Build | Farm |
| 19:16 | Create | Villager (Male) |
| 19:17 | Create | Villager (Male) |
| 19:18 | Create | Villager (Male) |
| 19:18 | Create | Villager (Male) |
| 19:19 | Create | Villager (Male) |
| 19:29 | Build | House |
| 19:36 | Build | Farm |
| 19:38 | Build | Farm |
| 19:39 | Build | Farm |
| 19:40 | Build | Farm |
| 19:44 | Create | Villager (Male) |
| 19:45 | Create | Villager (Male) |
| 19:45 | Create | Villager (Male) |
| 19:46 | Create | Villager (Male) |
| 19:57 | Create | Villager (Male) |
| 19:57 | Create | Villager (Male) |
| 19:57 | Create | Villager (Male) |
| 20:05 | Build | Farm |
| 20:07 | Build | Farm |
| 20:09 | Build | Farm |
| 20:10 | Build | Farm |
| 20:14 | Create | Villager (Male) |
| 20:16 | Create | Villager (Male) |
| 20:17 | Create | Villager (Male) |
| 20:17 | Create | Villager (Male) |
| 20:22 | Build | Farm |
| 20:26 | Create | Villager (Male) |
| 20:26 | Create | Villager (Male) |
| 20:33 | Build | House |
| 20:37 | Create | Villager (Male) |
| 20:37 | Create | Villager (Male) |
| 20:45 | Create | Villager (Male) |
| 20:46 | Create | Villager (Male) |
Build order — _Abin_
First 150 of 587 actions detected
| 0:01 | Create | Villager (Male) |
| 0:02 | Create | Villager (Male) |
| 0:02 | Create | Villager (Male) |
| 0:03 | Build | House |
| 0:05 | Build | House |
| 0:10 | Create | Villager (Male) |
| 0:10 | Create | Villager (Male) |
| 1:24 | Create | Villager (Male) |
| 1:46 | Build | Lumber Camp |
| 2:03 | Create | Villager (Male) |
| 2:03 | Create | Villager (Male) |
| 2:20 | Create | Villager (Male) |
| 2:20 | Create | Villager (Male) |
| 2:45 | Create | Villager (Male) |
| 2:45 | Create | Villager (Male) |
| 3:12 | Build | House |
| 3:19 | Create | Villager (Male) |
| 3:19 | Create | Villager (Male) |
| 3:19 | Create | Villager (Male) |
| 3:48 | Create | Villager (Male) |
| 3:48 | Create | Villager (Male) |
| 4:32 | Create | Villager (Male) |
| 4:32 | Create | Villager (Male) |
| 4:32 | Create | Villager (Male) |
| 4:44 | Build | Mill |
| 4:52 | Create | Villager (Male) |
| 4:52 | Create | Villager (Male) |
| 5:11 | Create | Villager (Male) |
| 5:11 | Create | Villager (Male) |
| 5:29 | Build | House |
| 6:02 | Create | Villager (Male) |
| 6:02 | Create | Villager (Male) |
| 6:04 | Build | House |
| 6:20 | Create | Villager (Male) |
| 6:20 | Create | Villager (Male) |
| 6:21 | Create | Villager (Male) |
| 6:21 | Create | Villager (Male) |
| 6:21 | Create | Villager (Male) |
| 6:21 | Create | Villager (Male) |
| 6:35 | Build | Farm |
| 6:47 | Build | Farm |
| 6:49 | Create | Villager (Male) |
| 8:02 | Build | Mining Camp |
| 8:25 | Research | Feudal Age |
| 8:25 | Research | Feudal Age |
| 10:46 | Build | Farm |
| 10:58 | Age | Feudal Age |
| 11:00 | Create | Villager (Male) |
| 11:07 | Build | Market |
| 11:13 | Build | Blacksmith |
| 11:20 | Create | Villager (Male) |
| 11:26 | Build | Farm |
| 11:56 | Research | Castle Age |
| 11:57 | Research | Castle Age |
| 11:57 | Research | Castle Age |
| 12:44 | Build | Lumber Camp |
| 12:51 | Build | Farm |
| 12:55 | Research | Double-Bit Axe |
| 12:55 | Research | Double-Bit Axe |
| 13:07 | Research | Horse Collar |
| 13:07 | Research | Horse Collar |
| 13:40 | Build | House |
| 14:06 | Research | Town Watch |
| 14:11 | Research | Town Watch |
| 14:12 | Research | Town Watch |
| 14:19 | Build | House |
| 14:36 | Age | Castle Age |
| 14:38 | Create | Villager (Male) |
| 14:38 | Create | Villager (Male) |
| 14:41 | Build | Town Center |
| 14:54 | Build | Monastery |
| 14:55 | Create | Villager (Male) |
| 15:05 | Create | Villager (Male) |
| 15:11 | Research | Bow Saw |
| 15:12 | Research | Bow Saw |
| 15:12 | Research | Bow Saw |
| 15:25 | Create | Villager (Male) |
| 15:32 | Build | Farm |
| 15:36 | Create | Villager (Male) |
| 15:55 | Create | Monk |
| 16:00 | Build | House |
| 16:01 | Create | Villager (Male) |
| 16:02 | Create | Villager (Male) |
| 16:04 | Create | Villager (Male) |
| 16:18 | Create | Villager (Male) |
| 16:19 | Create | Villager (Male) |
| 16:29 | Build | Town Center |
| 16:31 | Build | House |
| 16:33 | Create | Villager (Male) |
| 16:35 | Build | Farm |
| 16:42 | Create | Villager (Male) |
| 16:48 | Build | Farm |
| 16:50 | Create | Villager (Male) |
| 17:04 | Build | House |
| 17:06 | Create | Villager (Male) |
| 17:13 | Build | Farm |
| 17:15 | Build | Farm |
| 17:24 | Create | Villager (Male) |
| 17:26 | Build | Farm |
| 17:28 | Build | Farm |
| 17:31 | Build | House |
| 17:38 | Build | Farm |
| 17:40 | Create | Villager (Male) |
| 17:41 | Create | Villager (Male) |
| 17:43 | Build | Farm |
| 17:48 | Build | Farm |
| 17:51 | Create | Villager (Male) |
| 17:53 | Build | House |
| 18:14 | Research | Wheelbarrow |
| 18:14 | Research | Wheelbarrow |
| 18:14 | Research | Wheelbarrow |
| 18:16 | Create | Villager (Male) |
| 18:19 | Build | Farm |
| 18:26 | Build | Farm |
| 18:28 | Build | House |
| 18:29 | Build | House |
| 18:30 | Create | Villager (Male) |
| 18:36 | Build | Farm |
| 18:37 | Create | Villager (Male) |
| 18:50 | Create | Villager (Male) |
| 18:50 | Create | Villager (Male) |
| 18:53 | Build | Farm |
| 18:55 | Build | Farm |
| 18:56 | Create | Villager (Male) |
| 19:04 | Build | House |
| 19:11 | Create | Villager (Male) |
| 19:25 | Research | Loom |
| 19:25 | Research | Loom |
| 19:29 | Build | House |
| 19:30 | Build | House |
| 19:32 | Create | Villager (Male) |
| 19:37 | Build | Farm |
| 19:42 | Build | Farm |
| 19:44 | Create | Villager (Male) |
| 19:49 | Build | Farm |
| 19:53 | Build | Farm |
| 19:54 | Create | Villager (Male) |
| 19:58 | Build | Farm |
| 20:01 | Build | House |
| 20:03 | Create | Villager (Male) |
| 20:11 | Create | Villager (Male) |
| 20:12 | Create | Villager (Male) |
| 20:15 | Create | Villager (Male) |
| 20:16 | Create | Villager (Male) |
| 20:24 | Create | Villager (Male) |
| 20:40 | Create | Villager (Male) |
| 20:41 | Create | Villager (Male) |
| 20:42 | Create | Villager (Male) |
| 20:58 | Build | Town Center |
| 21:00 | Create | Villager (Male) |
Build order — lun
First 150 of 391 actions detected
| 0:01 | Create | Villager (Male) |
| 0:01 | Create | Villager (Male) |
| 0:03 | Build | House |
| 0:04 | Build | House |
| 0:42 | Create | Villager (Male) |
| 0:42 | Create | Villager (Male) |
| 1:31 | Create | Villager (Male) |
| 1:31 | Create | Villager (Male) |
| 1:32 | Create | Villager (Male) |
| 1:58 | Build | Lumber Camp |
| 2:08 | Create | Villager (Male) |
| 2:08 | Create | Villager (Male) |
| 2:30 | Create | Villager (Male) |
| 2:31 | Create | Villager (Male) |
| 2:31 | Create | Villager (Male) |
| 2:54 | Create | Villager (Male) |
| 2:54 | Create | Villager (Male) |
| 3:18 | Create | Villager (Male) |
| 3:18 | Create | Villager (Male) |
| 3:47 | Create | Villager (Male) |
| 3:47 | Create | Villager (Male) |
| 3:47 | Create | Villager (Male) |
| 3:53 | Build | House |
| 3:57 | Build | House |
| 4:09 | Create | Villager (Male) |
| 4:09 | Create | Villager (Male) |
| 4:33 | Create | Villager (Male) |
| 4:33 | Create | Villager (Male) |
| 4:53 | Create | Villager (Male) |
| 4:53 | Create | Villager (Male) |
| 5:04 | Create | Villager (Male) |
| 5:04 | Create | Villager (Male) |
| 5:37 | Create | Villager (Male) |
| 5:57 | Build | Mill |
| 6:03 | Create | Villager (Male) |
| 6:58 | Create | Villager (Male) |
| 7:31 | Create | Villager (Male) |
| 8:02 | Research | Feudal Age |
| 8:06 | Build | Mining Camp |
| 9:52 | Build | Farm |
| 9:53 | Build | Farm |
| 9:59 | Create | Villager (Male) |
| 10:06 | Build | House |
| 10:12 | Age | Feudal Age |
| 10:22 | Build | Market |
| 10:27 | Create | Villager (Male) |
| 10:36 | Build | Market |
| 10:42 | Create | Villager (Male) |
| 10:46 | Build | Farm |
| 10:57 | Build | Farm |
| 11:01 | Build | Farm |
| 11:08 | Build | Farm |
| 11:29 | Create | Villager (Male) |
| 11:33 | Build | Farm |
| 11:48 | Build | House |
| 12:06 | Create | Villager (Male) |
| 12:24 | Create | Villager (Male) |
| 12:31 | Build | Blacksmith |
| 12:35 | Create | Villager (Male) |
| 13:02 | Build | House |
| 13:07 | Research | Double-Bit Axe |
| 13:09 | Create | Villager (Male) |
| 13:16 | Build | Farm |
| 13:33 | Research | Castle Age |
| 13:58 | Research | Horse Collar |
| 14:38 | Build | Farm |
| 14:45 | Build | Farm |
| 15:41 | Create | Villager (Male) |
| 15:42 | Create | Villager (Male) |
| 16:09 | Create | Villager (Male) |
| 16:19 | Age | Castle Age |
| 16:25 | Build | University |
| 16:32 | Build | Barracks |
| 16:36 | Research | Bow Saw |
| 16:37 | Create | Villager (Male) |
| 16:44 | Research | Heavy Plow |
| 17:08 | Research | Chemistry |
| 17:18 | Build | Archery Range |
| 17:20 | Build | House |
| 17:21 | Build | House |
| 17:27 | Build | Archery Range |
| 17:37 | Build | Farm |
| 17:39 | Build | Farm |
| 17:40 | Build | Farm |
| 17:59 | Create | Villager (Male) |
| 18:29 | Build | Archery Range |
| 18:32 | Create | Villager (Male) |
| 18:33 | Create | Villager (Male) |
| 19:03 | Build | Farm |
| 19:14 | Create | Hand Cannoneer ×5 |
| 19:28 | Research | Wheelbarrow |
| 19:28 | Create | Villager (Male) |
| 19:49 | Build | Town Center |
| 20:01 | Create | Hand Cannoneer ×3 |
| 20:16 | Create | Villager (Male) |
| 20:28 | Build | House |
| 20:29 | Build | House |
| 20:31 | Create | Villager (Male) |
| 20:40 | Create | Villager (Male) |
| 20:51 | Build | House |
| 20:51 | Build | House |
| 21:08 | Build | Farm |
| 21:21 | Create | Villager (Male) |
| 21:22 | Create | Villager (Male) |
| 21:22 | Create | Villager (Male) |
| 21:22 | Create | Villager (Male) |
| 21:38 | Create | Villager (Male) |
| 21:38 | Create | Villager (Male) |
| 21:58 | Build | Town Center |
| 22:23 | Create | Villager (Male) |
| 22:23 | Create | Villager (Male) |
| 22:23 | Create | Villager (Male) |
| 22:35 | Build | Town Center |
| 22:43 | Build | House |
| 22:44 | Build | House |
| 22:45 | Create | Villager (Male) |
| 22:45 | Create | Villager (Male) |
| 22:46 | Create | Villager (Male) |
| 22:53 | Build | House |
| 22:55 | Build | House |
| 23:38 | Create | Villager (Male) |
| 23:39 | Create | Villager (Male) |
| 23:39 | Create | Villager (Male) |
| 23:39 | Create | Villager (Male) |
| 23:39 | Create | Villager (Male) |
| 23:40 | Create | Villager (Male) |
| 23:59 | Create | Villager (Male) |
| 23:59 | Create | Villager (Male) |
| 23:59 | Create | Villager (Male) |
| 24:00 | Create | Villager (Male) |
| 24:05 | Build | Farm |
| 24:06 | Build | Farm |
| 24:07 | Build | Farm |
| 24:10 | Build | Farm |
| 24:15 | Build | Farm |
| 24:17 | Build | Farm |
| 24:18 | Build | Farm |
| 24:20 | Build | Farm |
| 24:26 | Build | House |
| 24:27 | Build | House |
| 24:29 | Build | House |
| 24:30 | Build | House |
| 24:35 | Build | Farm |
| 24:38 | Build | Farm |
| 24:39 | Build | Farm |
| 24:55 | Build | Town Center |
| 24:59 | Create | Villager (Male) |
| 24:59 | Create | Villager (Male) |
| 25:00 | Create | Villager (Male) |
| 25:00 | Create | Villager (Male) |
Build order — 無際
First 150 of 449 actions detected
| 0:01 | Create | Villager (Male) |
| 0:01 | Create | Villager (Male) |
| 0:01 | Create | Villager (Male) |
| 0:02 | Create | Villager (Male) |
| 0:04 | Build | House |
| 0:06 | Build | House |
| 0:10 | Build | House |
| 1:30 | Create | Villager (Male) |
| 2:01 | Create | Villager (Male) |
| 2:01 | Create | Villager (Male) |
| 2:24 | Create | Villager (Male) |
| 2:24 | Create | Villager (Male) |
| 2:41 | Create | Villager (Male) |
| 2:41 | Create | Villager (Male) |
| 3:25 | Create | Villager (Male) |
| 3:25 | Create | Villager (Male) |
| 3:44 | Create | Villager (Male) |
| 3:44 | Create | Villager (Male) |
| 3:44 | Create | Villager (Male) |
| 3:44 | Create | Villager (Male) |
| 3:58 | Build | House |
| 3:59 | Build | House |
| 4:23 | Build | Lumber Camp |
| 4:32 | Create | Villager (Male) |
| 4:32 | Create | Villager (Male) |
| 4:47 | Create | Villager (Male) |
| 4:47 | Create | Villager (Male) |
| 4:47 | Create | Villager (Male) |
| 5:28 | Create | Villager (Male) |
| 6:28 | Build | Mill |
| 6:54 | Create | Villager (Male) |
| 6:54 | Create | Villager (Male) |
| 6:55 | Create | Villager (Male) |
| 7:43 | Build | Mining Camp |
| 7:46 | Create | Villager (Male) |
| 7:47 | Create | Villager (Male) |
| 7:47 | Create | Villager (Male) |
| 8:34 | Build | House |
| 8:39 | Research | Feudal Age |
| 9:00 | Create | Villager (Male) |
| 9:01 | Create | Villager (Male) |
| 9:01 | Create | Villager (Male) |
| 9:01 | Create | Villager (Male) |
| 9:30 | Build | Barracks |
| 10:06 | Create | Villager (Male) |
| 10:07 | Research | Loom |
| 10:28 | Build | House |
| 11:00 | Age | Feudal Age |
| 11:04 | Build | Stable |
| 11:07 | Build | Blacksmith |
| 12:05 | Build | Farm |
| 12:06 | Build | Farm |
| 12:07 | Build | Farm |
| 13:35 | Research | Castle Age |
| 13:35 | Research | Castle Age |
| 13:52 | Build | Lumber Camp |
| 14:16 | Build | Mill |
| 14:19 | Research | Double-Bit Axe |
| 14:19 | Research | Double-Bit Axe |
| 14:31 | Create | Villager (Male) |
| 15:18 | Create | Villager (Male) |
| 15:30 | Build | Farm |
| 15:31 | Build | Farm |
| 16:15 | Age | Castle Age |
| 16:19 | Build | Town Center |
| 16:37 | Create | Villager (Male) |
| 16:38 | Research | Wheelbarrow |
| 16:46 | Build | Town Center |
| 16:53 | Build | Farm |
| 17:08 | Build | Farm |
| 17:47 | Create | Villager (Male) |
| 17:48 | Create | Villager (Male) |
| 17:49 | Create | Villager (Male) |
| 17:52 | Build | Farm |
| 17:53 | Build | Farm |
| 17:59 | Create | Villager (Male) |
| 17:59 | Create | Villager (Male) |
| 18:09 | Create | Villager (Male) |
| 18:09 | Create | Villager (Male) |
| 18:09 | Create | Villager (Male) |
| 18:09 | Create | Villager (Male) |
| 18:19 | Build | Farm |
| 18:19 | Build | Farm |
| 18:19 | Build | Farm |
| 18:20 | Build | Farm |
| 18:20 | Build | Farm |
| 18:20 | Build | Farm |
| 18:20 | Build | Farm |
| 18:25 | Create | Villager (Male) |
| 18:35 | Create | Villager (Male) |
| 18:43 | Create | Villager (Male) |
| 18:44 | Create | Villager (Male) |
| 18:49 | Build | Farm |
| 18:50 | Build | Farm |
| 18:54 | Create | Villager (Male) |
| 18:55 | Create | Villager (Male) |
| 19:03 | Create | Villager (Male) |
| 19:06 | Create | Villager (Male) |
| 19:22 | Create | Villager (Male) |
| 19:22 | Create | Villager (Male) |
| 19:27 | Build | Town Center |
| 19:30 | Create | Villager (Male) |
| 19:30 | Create | Villager (Male) |
| 19:33 | Create | Villager (Male) |
| 19:34 | Create | Villager (Male) |
| 19:43 | Build | Farm |
| 19:44 | Create | Villager (Male) |
| 19:44 | Create | Villager (Male) |
| 19:57 | Create | Villager (Male) |
| 19:58 | Create | Villager (Male) |
| 19:58 | Create | Villager (Male) |
| 20:07 | Build | Farm |
| 20:09 | Build | Farm |
| 20:11 | Create | Villager (Male) |
| 20:11 | Create | Villager (Male) |
| 20:17 | Build | House |
| 20:18 | Build | House |
| 20:20 | Build | House |
| 20:22 | Build | House |
| 20:24 | Build | House |
| 20:41 | Research | Bow Saw |
| 21:22 | Create | Villager (Male) |
| 21:22 | Create | Villager (Male) |
| 21:35 | Create | Villager (Male) |
| 21:40 | Build | Farm |
| 21:43 | Build | Farm |
| 21:47 | Build | Mill |
| 21:48 | Build | Farm |
| 21:49 | Build | Farm |
| 21:49 | Build | Farm |
| 21:49 | Build | Farm |
| 21:54 | Create | Villager (Male) |
| 21:54 | Create | Villager (Male) |
| 21:56 | Create | Villager (Male) |
| 21:57 | Create | Villager (Male) |
| 21:57 | Create | Villager (Male) |
| 22:06 | Research | Gold Mining |
| 22:06 | Research | Gold Mining |
| 22:07 | Research | Gold Mining |
| 22:16 | Build | Farm |
| 22:17 | Create | Villager (Male) |
| 22:18 | Create | Villager (Male) |
| 22:18 | Create | Villager (Male) |
| 22:19 | Create | Villager (Male) |
| 22:20 | Create | Villager (Male) |
| 22:28 | Build | House |
| 22:28 | Build | House |
| 22:29 | Build | House |
| 22:29 | Build | House |
| 22:29 | Build | House |
Build order — 种30分钟很过份吗
First 150 of 697 actions detected
| 0:02 | Create | Villager (Male) |
| 0:02 | Create | Villager (Male) |
| 0:03 | Create | Villager (Male) |
| 0:04 | Build | House |
| 0:07 | Build | House |
| 0:17 | Create | Villager (Male) |
| 0:17 | Create | Villager (Male) |
| 0:18 | Create | Villager (Male) |
| 0:36 | Build | House |
| 0:38 | Build | House |
| 1:34 | Create | Villager (Male) |
| 1:34 | Create | Villager (Male) |
| 1:34 | Create | Villager (Male) |
| 1:52 | Build | Lumber Camp |
| 2:09 | Create | Villager (Male) |
| 2:09 | Create | Villager (Male) |
| 2:35 | Create | Villager (Male) |
| 2:35 | Create | Villager (Male) |
| 2:36 | Create | Villager (Male) |
| 3:15 | Create | Villager (Male) |
| 3:16 | Create | Villager (Male) |
| 3:39 | Create | Villager (Male) |
| 3:39 | Create | Villager (Male) |
| 3:58 | Create | Villager (Male) |
| 3:58 | Create | Villager (Male) |
| 4:27 | Create | Villager (Male) |
| 4:39 | Create | Villager (Male) |
| 4:39 | Create | Villager (Male) |
| 4:44 | Build | Mill |
| 4:53 | Create | Villager (Male) |
| 4:53 | Create | Villager (Male) |
| 4:53 | Create | Villager (Male) |
| 5:53 | Create | Villager (Male) |
| 5:53 | Create | Villager (Male) |
| 5:53 | Create | Villager (Male) |
| 6:09 | Create | Villager (Male) |
| 6:09 | Create | Villager (Male) |
| 6:09 | Create | Villager (Male) |
| 6:27 | Create | Villager (Male) |
| 6:27 | Create | Villager (Male) |
| 6:41 | Create | Villager (Male) |
| 6:42 | Create | Villager (Male) |
| 7:02 | Create | Villager (Male) |
| 7:07 | Create | Villager (Male) |
| 7:08 | Create | Villager (Male) |
| 7:23 | Create | Villager (Male) |
| 7:23 | Create | Villager (Male) |
| 7:24 | Create | Villager (Male) |
| 7:39 | Create | Villager (Male) |
| 8:18 | Create | Villager (Male) |
| 8:49 | Create | Villager (Male) |
| 8:53 | Build | Farm |
| 8:56 | Build | Mining Camp |
| 9:12 | Research | Feudal Age |
| 9:26 | Build | Farm |
| 10:22 | Build | Farm |
| 10:49 | Create | Villager (Male) |
| 10:51 | Create | Villager (Male) |
| 11:00 | Build | House |
| 11:24 | Age | Feudal Age |
| 11:30 | Build | Market |
| 11:33 | Build | Blacksmith |
| 11:51 | Research | Double-Bit Axe |
| 12:36 | Research | Castle Age |
| 12:36 | Research | Castle Age |
| 12:36 | Research | Castle Age |
| 13:16 | Research | Horse Collar |
| 13:45 | Build | House |
| 14:36 | Build | House |
| 14:40 | Create | Villager (Male) |
| 15:16 | Age | Castle Age |
| 15:21 | Build | Town Center |
| 15:31 | Build | Town Center |
| 15:42 | Create | Villager (Male) |
| 16:03 | Create | Villager (Male) |
| 16:13 | Build | Town Center |
| 16:27 | Create | Villager (Male) |
| 16:34 | Build | Farm |
| 16:37 | Build | Farm |
| 16:38 | Build | Farm |
| 16:39 | Build | Farm |
| 16:48 | Create | Villager (Male) |
| 16:52 | Build | Farm |
| 16:57 | Create | Villager (Male) |
| 17:07 | Create | Villager (Male) |
| 17:09 | Create | Villager (Male) |
| 17:14 | Create | Villager (Male) |
| 17:17 | Build | Farm |
| 17:21 | Create | Villager (Male) |
| 17:26 | Build | Farm |
| 17:30 | Create | Villager (Male) |
| 17:33 | Build | Farm |
| 17:36 | Build | Farm |
| 17:40 | Create | Villager (Male) |
| 17:44 | Create | Villager (Male) |
| 17:47 | Build | Farm |
| 17:49 | Build | Farm |
| 17:53 | Build | Farm |
| 17:54 | Create | Villager (Male) |
| 17:55 | Create | Villager (Male) |
| 18:03 | Create | Villager (Male) |
| 18:13 | Build | Farm |
| 18:17 | Build | Farm |
| 18:20 | Create | Villager (Male) |
| 18:24 | Build | House |
| 18:30 | Create | Villager (Male) |
| 18:30 | Create | Villager (Male) |
| 18:31 | Create | Villager (Male) |
| 18:31 | Create | Villager (Male) |
| 18:33 | Build | Farm |
| 18:36 | Create | Villager (Male) |
| 18:44 | Build | Farm |
| 18:46 | Build | Farm |
| 18:51 | Build | Farm |
| 18:52 | Create | Villager (Male) |
| 18:53 | Create | Villager (Male) |
| 19:04 | Build | Farm |
| 19:09 | Create | Villager (Male) |
| 19:10 | Create | Villager (Male) |
| 19:12 | Build | Farm |
| 19:16 | Build | Farm |
| 19:19 | Create | Villager (Male) |
| 19:20 | Create | Villager (Male) |
| 19:20 | Create | Villager (Male) |
| 19:25 | Build | Farm |
| 19:31 | Create | Villager (Male) |
| 19:37 | Build | House |
| 19:46 | Create | Villager (Male) |
| 19:53 | Build | House |
| 19:56 | Create | Villager (Male) |
| 19:56 | Create | Villager (Male) |
| 19:56 | Create | Villager (Male) |
| 19:57 | Create | Villager (Male) |
| 19:59 | Create | Villager (Male) |
| 20:05 | Build | University |
| 20:12 | Build | House |
| 20:13 | Build | House |
| 20:16 | Create | Villager (Male) |
| 20:16 | Create | Villager (Male) |
| 20:20 | Create | Villager (Male) |
| 20:28 | Build | Farm |
| 20:30 | Build | Farm |
| 20:32 | Build | Farm |
| 20:34 | Create | Villager (Male) |
| 20:34 | Create | Villager (Male) |
| 20:38 | Build | Farm |
| 20:42 | Create | Villager (Male) |
| 20:43 | Create | Villager (Male) |
| 20:43 | Create | Villager (Male) |
| 20:49 | Build | Monastery |
Build order — 大折跃
First 150 of 412 actions detected
| 0:01 | Create | Villager (Male) |
| 0:01 | Create | Villager (Male) |
| 0:03 | Build | House |
| 0:05 | Build | House |
| 0:29 | Create | Villager (Male) |
| 0:30 | Create | Villager (Male) |
| 0:30 | Create | Villager (Male) |
| 0:30 | Create | Villager (Male) |
| 1:33 | Create | Villager (Male) |
| 1:33 | Create | Villager (Male) |
| 1:33 | Create | Villager (Male) |
| 1:50 | Build | Lumber Camp |
| 1:53 | Create | Villager (Male) |
| 1:53 | Create | Villager (Male) |
| 1:53 | Create | Villager (Male) |
| 2:14 | Create | Villager (Male) |
| 2:14 | Create | Villager (Male) |
| 2:14 | Create | Villager (Male) |
| 2:55 | Create | Villager (Male) |
| 2:55 | Create | Villager (Male) |
| 2:55 | Create | Villager (Male) |
| 2:56 | Create | Villager (Male) |
| 3:05 | Build | House |
| 3:06 | Build | House |
| 3:24 | Create | Villager (Male) |
| 3:24 | Create | Villager (Male) |
| 3:24 | Create | Villager (Male) |
| 4:10 | Create | Villager (Male) |
| 4:11 | Create | Villager (Male) |
| 4:23 | Create | Villager (Male) |
| 4:23 | Create | Villager (Male) |
| 4:23 | Create | Villager (Male) |
| 4:25 | Create | Villager (Male) |
| 4:32 | Create | Villager (Male) |
| 4:32 | Create | Villager (Male) |
| 5:03 | Create | Villager (Male) |
| 5:34 | Build | Mill |
| 6:26 | Create | Villager (Male) |
| 6:26 | Create | Villager (Male) |
| 6:27 | Create | Villager (Male) |
| 6:58 | Create | Villager (Male) |
| 6:58 | Create | Villager (Male) |
| 6:59 | Create | Villager (Male) |
| 7:43 | Build | Farm |
| 7:45 | Build | Farm |
| 7:51 | Build | Farm |
| 7:54 | Build | Farm |
| 8:05 | Create | Villager (Male) |
| 8:59 | Build | Mining Camp |
| 9:02 | Research | Feudal Age |
| 10:38 | Create | Villager (Male) |
| 10:38 | Create | Villager (Male) |
| 11:02 | Build | House |
| 11:12 | Age | Feudal Age |
| 11:16 | Build | Market |
| 11:24 | Build | Blacksmith |
| 11:26 | Create | Villager (Male) |
| 11:28 | Research | Double-Bit Axe |
| 11:29 | Research | Horse Collar |
| 12:14 | Research | Castle Age |
| 12:27 | Build | House |
| 14:00 | Build | Mining Camp |
| 14:06 | Create | Villager (Male) |
| 14:06 | Create | Villager (Male) |
| 14:54 | Age | Castle Age |
| 15:02 | Build | Town Center |
| 15:16 | Build | Town Center |
| 15:20 | Research | Bow Saw |
| 15:41 | Create | Villager (Male) |
| 15:41 | Create | Villager (Male) |
| 15:53 | Create | Villager (Male) |
| 15:54 | Research | Loom |
| 16:06 | Research | Wheelbarrow |
| 16:40 | Create | Villager (Male) |
| 16:41 | Create | Villager (Male) |
| 16:41 | Create | Villager (Male) |
| 16:46 | Create | Villager (Male) |
| 16:58 | Build | Monastery |
| 17:02 | Create | Villager (Male) |
| 17:04 | Create | Villager (Male) |
| 17:08 | Build | House |
| 17:10 | Build | House |
| 17:23 | Research | Heavy Plow |
| 17:36 | Create | Villager (Male) |
| 17:36 | Create | Villager (Male) |
| 17:40 | Build | Farm |
| 17:43 | Build | Farm |
| 17:48 | Build | Farm |
| 17:56 | Create | Monk |
| 18:01 | Build | Farm |
| 18:03 | Create | Villager (Male) |
| 18:06 | Build | Farm |
| 18:11 | Build | Farm |
| 18:22 | Build | Farm |
| 18:33 | Create | Monk |
| 18:41 | Research | Fervor |
| 18:43 | Research | Sanctity |
| 18:47 | Create | Villager (Male) |
| 18:48 | Create | Villager (Male) |
| 18:56 | Build | Farm |
| 18:58 | Build | Farm |
| 19:01 | Build | Farm |
| 19:04 | Build | Farm |
| 19:10 | Create | Villager (Male) |
| 19:11 | Create | Villager (Male) |
| 19:11 | Create | Villager (Male) |
| 19:21 | Create | Villager (Male) |
| 19:21 | Create | Villager (Male) |
| 19:24 | Build | Farm |
| 19:27 | Build | Farm |
| 19:29 | Build | Farm |
| 19:32 | Build | Farm |
| 19:35 | Build | Farm |
| 19:38 | Build | Farm |
| 19:43 | Create | Villager (Male) |
| 19:43 | Create | Villager (Male) |
| 19:55 | Create | Villager (Male) |
| 19:55 | Create | Villager (Male) |
| 19:59 | Create | Monk |
| 20:11 | Create | Villager (Male) |
| 20:12 | Create | Villager (Male) |
| 20:12 | Create | Villager (Male) |
| 20:23 | Build | Farm |
| 20:31 | Create | Villager (Male) |
| 20:31 | Create | Villager (Male) |
| 20:32 | Create | Villager (Male) |
| 20:33 | Create | Villager (Male) |
| 20:44 | Build | Castle |
| 20:46 | Build | Mining Camp |
| 20:51 | Create | Villager (Male) |
| 20:51 | Create | Villager (Male) |
| 20:52 | Create | Villager (Male) |
| 20:55 | Build | Farm |
| 21:04 | Create | Villager (Male) |
| 21:04 | Create | Villager (Male) |
| 21:05 | Create | Villager (Male) |
| 21:09 | Build | Farm |
| 21:31 | Build | Siege Workshop |
| 21:33 | Build | House |
| 21:34 | Create | Villager (Male) |
| 21:34 | Create | Villager (Male) |
| 22:07 | Create | Mangonel |
| 22:10 | Create | Mangonel |
| 22:16 | Create | Villager (Male) |
| 22:16 | Create | Villager (Male) |
| 22:16 | Create | Villager (Male) |
| 22:17 | Create | Villager (Male) |
| 22:17 | Create | Villager (Male) |
| 22:20 | Build | House |
| 22:20 | Build | House |
Match timeline
| 9:30 | 無際 · first_building Barracks |
| 10:12 | lun · age_up feudal |
| 10:35 | dobled2daoe · age_up feudal |
| 10:58 | _Abin_ · age_up feudal |
| 11:00 | 無際 · age_up feudal |
| 11:04 | 無際 · first_building Stable |
| 11:10 | 2206487165 · age_up feudal |
| 11:12 | 大折跃 · age_up feudal |
| 11:24 | 种30分钟很过份吗 · age_up feudal |
| 11:53 | Fimoshka · age_up feudal |
| 13:07 | dobled2daoe · first_market_sell 100 stone |
| 13:08 | dobled2daoe · first_market_buy 100 food |
| 14:36 | _Abin_ · age_up castle |
| 14:45 | 2206487165 · age_up castle |
| 14:54 | _Abin_ · first_building Monastery |
| 14:54 | 大折跃 · age_up castle |
| 14:55 | dobled2daoe · wall_segment Stone Wall x7 |
| 15:14 | 2206487165 · first_building Castle |
| 15:16 | 种30分钟很过份吗 · age_up castle |
| 15:18 | _Abin_ · first_market_buy 100 food |
| 15:24 | Fimoshka · age_up castle |
| 15:45 | dobled2daoe · age_up castle |
| 15:53 | 种30分钟很过份吗 · first_market_buy 100 stone |
| 16:15 | 無際 · age_up castle |
| 16:19 | lun · age_up castle |
| 16:32 | lun · first_building Barracks |
| 16:58 | 大折跃 · first_building Monastery |
| 17:18 | lun · first_building Archery Range |
| 19:32 | 2206487165 · first_building Barracks |
| 19:50 | Fimoshka · first_building Monastery |
| 20:44 | 大折跃 · first_building Castle |
| 20:49 | 种30分钟很过份吗 · first_building Monastery |
| 21:31 | 大折跃 · first_building Siege Workshop |
| 22:04 | 2206487165 · first_market_sell 100 wood |
| 22:29 | lun · first_market_buy 100 stone |
| 22:35 | Fimoshka · first_building Castle |
| 22:41 | dobled2daoe · first_building Castle |
| 22:48 | 种30分钟很过份吗 · first_building Barracks |
| 23:03 | Fimoshka · first_market_sell 100 wood |
| 23:21 | 無際 · first_building Monastery |
| 23:29 | Fimoshka · first_building Barracks |
| 24:14 | dobled2daoe · wall_segment Stone Wall x4 |
| 24:34 | Fimoshka · first_building Stable |
| 24:51 | _Abin_ · first_building Barracks |
| 25:53 | 2206487165 · first_building Stable |
| 25:56 | 2206487165 · first_building Archery Range |
| 26:46 | Fimoshka · age_up imperial |
| 26:57 | Fimoshka · wall_segment Stone Wall x1 |
| 26:58 | dobled2daoe · first_building Barracks |
| 27:27 | _Abin_ · first_building Castle |
| 27:43 | 种30分钟很过份吗 · first_building Castle |
| 27:48 | 無際 · first_market_sell 500 wood |
| 28:01 | 大折跃 · first_building Barracks |
| 28:07 | Fimoshka · wall_segment Stone Wall x2 |
| 28:40 | dobled2daoe · first_building Stable |
| 28:50 | _Abin_ · first_building Siege Workshop |
| 28:50 | 种30分钟很过份吗 · age_up imperial |
| 28:53 | _Abin_ · age_up imperial |
| 29:13 | 大折跃 · first_building Archery Range |
| 29:28 | Fimoshka · first_market_buy 100 food |
| 29:29 | lun · first_building Castle |
| 29:54 | 無際 · age_up imperial |
| 30:07 | 大折跃 · age_up imperial |
| 30:15 | dobled2daoe · age_up imperial |
| 30:19 | 2206487165 · first_building Monastery |
| 31:00 | lun · first_building Siege Workshop |
| 31:00 | 大折跃 · first_market_sell 500 food |
| 31:19 | 2206487165 · age_up imperial |
| 31:28 | 無際 · first_building Castle |
| 31:59 | 种30分钟很过份吗 · first_market_sell 100 wood |
| 32:10 | _Abin_ · first_building Archery Range |
| 33:15 | 2206487165 · wall_segment Stone Wall x6 |
| 34:21 | lun · age_up imperial |
| 34:34 | 种30分钟很过份吗 · first_building Siege Workshop |
| 34:53 | lun · first_market_sell 100 wood |
| 38:13 | 2206487165 · resign |
| 39:06 | lun · first_building Monastery |
[ AI ANALYSIS · 1 CREDIT ]
What really happened in this match?
Wolo.gg analyzes every decision: build order, eco, micro, common mistakes by bracket. Personalized analysis on WhatsApp or Discord in 30 seconds.
Civ guide
Poles
Map guide
Arena
Perfil
Fimoshka